 Dungeon Crawl Stone Soup version 0.17-a0-1301-ga863c44 (webtiles) character file.

172 Fluffy the Cudgeler (level 5, -3/32 HPs)
             Began as a Gargoyle Fighter on June 7, 2015.
             Was an Initiate of Okawaru.
             Killed by divine providence
             ... invoked by an orc priest
              (11 damage)
             ... on level 3 of the Dungeon.
             The game lasted 00:04:59 (1537 turns).

Fluffy the Cudgeler (Gargoyle Fighter)              Turns: 1537, Time: 00:04:59

Health: -3/32      AC: 14    Str: 20    XL:     5   Next: 52%
Magic:  5/5        EV:  5    Int: 10    God:    Okawaru [......]
Gold:   63         SH:  9    Dex: 10    Spells: 0 memorised, 4 levels left

rFire  . . .     SeeInvis +     a - +0 flail
rCold  . . .     Clarity  .     u - +0 chain mail
rNeg   + . .     SustAt   .     c - +0 shield
rPois  ∞         Gourm    .     (no helmet)
rElec  +         Spirit   .     s - +0 cloak
rCorr  .         Warding  .     (no gloves)
rMut   .         Stasis   .     (no boots)
MR     .....                    i - amulet of rage
Stlth  ..........               (no ring)
                                j - ring of see invisible

@: short of breath, not resistant to hostile enchantments, extremely unstealthy
A: breathe flames 1, clever 1, negative energy resistance 1, electricity
resistance, unbreathing, petrification resistance, rot immunity, AC +4
a: Renounce Religion, Breathe Fire, Evoke Berserk Rage


You were on level 3 of the Dungeon.
You worshipped Okawaru.
Okawaru was noncommittal.
You were not hungry.

You visited 1 branch of the dungeon, and saw 3 of its levels.

You collected 63 gold pieces.

Inventory:

Hand weapons
 a - a +0 flail (weapon)
Armour
 c - a +0 shield (worn)
 s - a +0 cloak (worn)
 u - a +0 chain mail (worn)
Jewellery
 i - an amulet of rage (around neck)
 j - a ring of see invisible (left hand)
Magical devices
 p - a wand of frost (29)
 v - a wand of slowing (21)
Scrolls
 b - a scroll of amnesia {unknown}
 f - 2 scrolls of recharging {unknown}
 g - 2 scrolls of immolation {unknown}
 k - a scroll of random uselessness {unknown}
 l - a scroll of remove curse {unknown}
 m - a scroll of identify {unknown}
 x - a scroll of blinking {unknown}
Potions
 d - a potion of might
 o - a potion of mutation
 q - a potion of heal wounds {unknown}
 r - a potion of flight {unknown}
 t - a potion of beneficial mutation {unknown}
Comestibles
 e - 2 bread rations
 h - 3 beef jerkies
 n - 3 fruits
 w - a chunk of flesh


   Skills:
 - Level 3.2 Fighting
 + Level 5.3 Maces & Flails
 - Level 3.2 Armour
 - Level 3.2 Shields
 + Level 1.3 Invocations


You had 4 spell levels left.
You didn't know any spells.

Dungeon Overview and Level Annotations

Branches:
Dungeon (3/15)

Altars:
Okawaru


Innate Abilities, Weirdness & Mutations

You are resistant to torment.
Your stone body is resilient (AC +4).
You are immune to poison.
You resist negative energy.
You are resistant to electric shocks.
You can survive without breathing.
You are immune to petrification.
You are immune to rotting.
You can breathe flames.
Your mind is acute. (Int +2)


Message History

The orc priest is moderately wounded.
You have got your breath back.
The orc priest hits you but does no damage.
The orc barely misses you.
Use which ability? (? or * to list)
You fail to use your ability.
The orc priest hits you but does no damage.
The orc hits you but does no damage.
Use which ability? (? or * to list)
Press: ? - help, Shift-Dir - straight line, f - orc priest
Aim: an orc priest, wielding a dagger and wearing a scale mail (moderately wounded)
You breathe a blast of fire.
The fiery breath misses the orc priest.
You feel somewhat more hungry.
The orc priest invokes the aid of Beogh against you.
You barely resist. You hit the orc priest.
The orc priest is heavily wounded.
The orc priest invokes the aid of Beogh against you.
Something smites you!
You die...

#....# ##>.... #
#.#..###.....[
#.#####....#)...####
##.......#......##
#........#......##
#####.####......###..##
.......#...)...##
##..###
......)oo..#.#.# ##....
.......#@.##.#†# ####.
.......#####.... #.
....oo. #..... ..###.
....oo. ..............
......o #.##.......####
.<..... #. ####.##
....... #. .)


You could see an orc priest and an orc.

Vanquished Creatures
  Terence (D:2)
  An orc wizard (D:3)
  3 gnolls (D:3)
  An adder (D:3)
  7 orcs (D:3)
  A ball python (D:3)
  3 bats
  6 giant cockroaches
  4 goblins
  12 hobgoblins
  9 jackals
  11 kobolds
  3 quokkas
  6 giant newts
  4 rats
72 creatures vanquished.

Notes
Turn   | Place    | Note
--------------------------------------------------------------
     0 | D:1      | Fluffy the Gargoyle Fighter began the quest for the Orb.
     0 | D:1      | Reached XP level 1. HP: 14/14 MP: 1/1
   107 | D:1      | Reached XP level 2. HP: 16/19 MP: 2/2
   265 | D:1      | Reached XP level 3. HP: 12/23 MP: 3/3
   655 | D:2      | Noticed Terence
   669 | D:2      | Killed Terence
   669 | D:2      | Reached skill level 4 in Maces & Flails
   739 | D:2      | Reached XP level 4. HP: 23/28 MP: 4/4
  1181 | D:3      | Reached skill level 5 in Maces & Flails
  1188 | D:3      | Found an iron altar of Okawaru.
  1195 | D:3      | Reached XP level 5. HP: 22/32 MP: 5/5
  1201 | D:3      | Became a worshipper of Warmaster Okawaru
  1302 | D:3      | Reached skill level 1 in Invocations
  1524 | D:3      | Gained mutation: Your mind is acute. (Int +2) [potion of mutation]
  1524 | D:3      | Gained mutation: You can breathe flames. [potion of mutation]
  1537 | D:3      | Killed from afar by an orc priest

Vault maps used:
D:1:      sevenhm_arrival_forest_fort_small_6
D:2:      uniq_terence
D:3:      lemuel_round_altar, okawaru_altar_gauntlet_db

Action                   |  1- 3 |  4- 6 || total
-------------------------+-------+-------++-------
Melee: Flail             |   103 |   151 ||   254
 Abil: Breathe Fire      |       |     2 ||     2
  Use: Potion            |       |     1 ||     1
  Eat: Chunk             |       |     3 ||     3
